 Dungeon Crawl Stone Soup version 0.17-a0-2098-gf59d6bc (webtiles) character file.

52 4thArraOfDagon the Firebug (level 3, -1/19 HPs)
             Began as a Deep Elf Fire Elementalist on Oct 17, 2015.
             Slain by Ijyb (2 damage)
             ... on level 3 of the Dungeon.
             The game lasted 00:03:24 (581 turns).

4thArraOfDagon the Firebug (DEFE)                    Turns: 581, Time: 00:03:25

Health: -1/19      AC:  1    Str:  5    XL:     3   Next: 60%
Magic:  7/10       EV: 13    Int: 20    God:
Gold:   38         SH:  0    Dex: 15    Spells: 2 memorised, 5 levels left

rFire  . . .     SeeInvis .     f - +0 dagger
rCold  . . .     Clarity  .     a - +0 robe
rNeg   . . .     SustAt   .     (no shield)
rPois  .         Gourm    .     (no helmet)
rElec  .         Spirit   .     g - -2 cloak (curse)
rCorr  .         Warding  .     (no gloves)
rMut   .         Stasis   .     (no boots)
MR     .....                    (no amulet)
Stlth  ++........               (no ring)
                                (no ring)

@: not resistant to hostile enchantments, unstealthy
A: no striking features
a: no special abilities


You were on level 3 of the Dungeon.
You were not hungry.

You visited 1 branch of the dungeon, and saw 3 of its levels.

You collected 38 gold pieces.

Inventory:

Hand Weapons
 f - a +0 dagger (weapon)
Armour
 a - a +0 robe (worn)
 g - a cursed -2 cloak (worn)
Wands
 j - a wand of fire (0)
Scrolls
 d - a scroll of enchant armour {unknown}
 e - 3 scrolls of identify {unknown}
Potions
 h - 2 potions of curing {unknown}
 i - a potion of poison {unknown}
Books
 b - a book of Flames

   Spells                             Type                      Level
   a - Flame Tongue                   Conjuration/Fire             1
   b - Throw Flame                    Conjuration/Fire             2
   c - Conjure Flame                  Conjuration/Fire             3
   d - Inner Flame                    Hexes/Fire                   3
   e - Sticky Flame                   Conjuration/Fire             4
   f - Fireball                       Conjuration/Fire             5
Comestibles
 c - a bread ration


   Skills:
 - Level 2.4 Dodging
 - Level 2.4 Stealth
 + Level 3.5 Spellcasting
 * Level 2.1 Conjurations
 * Level 4.3 Fire Magic


You had 5 spell levels left.
You knew the following spells:

 Your Spells              Type           Power        Failure   Level  Hunger
a - Flame Tongue          Conj/Fire      ###..        3%          1    None
b - Conjure Flame         Conj/Fire      ###.....     12%         3    ###....


Dungeon Overview and Level Annotations

Branches:
Dungeon (3/15)

Altars:

Annotations:
D:3 Ijyb, Terence


Message History

A bat comes into view.
Ijyb hits you.
* * * LOW HITPOINT WARNING * * *
Evoke which item? (* to show all) (? for menu, Esc to quit)
Zapping:
j - a wand of fire {zapped: 3} (will waste charges)
Press: ? - help, Shift-Dir - straight line, f/p - Ijyb
Aim: Ijyb, wearing a glowing leather armour (heavily wounded)
The bolt of fire hits Ijyb.
Ijyb is almost dead.
The bolt of fire hits the hobgoblin.
You kill the hobgoblin!
The bolt of fire hits the giant newt.
You kill the giant newt!
The bolt of fire hits the orc.
You kill the orc!
Evoking this partially-identified wand wasted a few charges.
The bat hits you.
* * * LOW HITPOINT WARNING * * *
The bat misses you. Ijyb hits you.
You die...

#≈..#...+ #...#...
#....##+###
####.........# ##
.............+ ##.
...##........# .. .
...##........# .# ...
...##........#+##b#.....
...#########).)g@...#
...# #........+ #+##
#........#
......#.......
.......#.######
........#.. ........#.##
####.......


You could see Ijyb and a bat.

Vanquished Creatures
  3 adders (D:2)
  3 orcs (D:3)
  A ball python (D:3)
  2 giant cockroaches (D:2)
  4 goblins
  4 hobgoblins
  2 bats (D:2)
  A giant newt (D:3)
  A quokka (D:2)
  2 rats
23 creatures vanquished.

Notes
Turn   | Place    | Note
--------------------------------------------------------------
     0 | D:1      | 4thArraOfDagon the Deep Elf Fire Elementalist began the quest for the Orb.
     0 | D:1      | Reached XP level 1. HP: 10/10 MP: 6/6
    46 | D:1      | lab d:1
    46 | D:1      | +500k turns
   142 | D:2      | Reached XP level 2. HP: 7/15 MP: 4/8
   198 | D:2      | Reached skill level 4 in Fire Magic
   250 | D:2      | Reached XP level 3. HP: 6/19 MP: 4/9
   255 | D:2      | Learned a level 3 spell: Conjure Flame
   357 | D:3      | Noticed Ijyb
   472 | D:3      | Noticed Terence
   475 | D:3      | RI[
   475 | D:3      | RIP
   475 | D:3      | LOOk
   581 | D:3      | Slain by Ijyb

Vault maps used:
D:1:      minmay_arrival_four_circles, grunt_decor_fettered
D:2:      first_bread
D:3:      xom_redecorated, lemuel_another_geyser, uniq_iyjb, uniq_natasha,
          uniq_terence

Action                   || total
-------------------------++-------
Melee: Unarmed           ||     7
       Dagger            ||     5
 Cast: Flame Tongue      ||    35
Evoke: Wand              ||     2
 Stab: Sleeping          ||     1
